Cogmind - Beta 13 @@@ ROGUE MODE // 2024.04.02 @ 18:07:28 Player: Ashlemon Result: Destroyed by G-34 Mercenary with Small Laser Performance ------------- Evolutions (0) 0 Regions Visited (1) 200 Robots Destroyed (12) 60 Value Destroyed (281) 281 Prototype IDs (0) 0 Alien Tech Used (0) 0 Bonus (0) 0 TOTAL SCORE: 541 Bonus ------- None Cogmind --------- Core Integrity 0/250 Matter 208/300 Energy 125/125 System Corruption 0% Temperature Cool (12) Movement Core (750) Ox14 Location -10/Materials Parts ------- > --- POWER (1) -------- Light Ion Engine > --- PROPULSION (2) --- (None) > --- UTILITY (2) ------ Large Storage Unit Large Storage Unit > --- WEAPON (2) ------- Light Assault Rifle > --- INVENTORY (15) --- Wheel Large Matter Pod (0) Large Matter Pod (0) Assault Rifle Light Assault Rifle Mining Laser Mining Laser Mining Laser Mining Laser Peak State ------------ > --- POWER ------------ Ion Engine > --- PROPULSION ------- Wheel Wheel > --- UTILITY ---------- Large Storage Unit Propulsion Shielding > --- WEAPON ----------- Assault Rifle Light Assault Rifle > --- INVENTORY -------- Light Ion Engine Wheel Flight Unit Medium Storage Unit Large Storage Unit Medium Matter Pod Medium Matter Pod Medium Matter Pod Light Assault Rifle Light Assault Rifle [Rating: 8] Favorites ----------- Power Light Ion Engine Engine Light Ion Engine Propulsion Wheel Leg Aluminum Leg Wheel Wheel Flight Unit Flight Unit Utility Large Storage Unit Storage Large Storage Unit Protection Propulsion Shielding Weapon Assault Rifle Energy Gun Small Laser Ballistic Gun Assault Rifle Launcher Grenade Launcher Special Weapon Mining Laser Build | -11 -10 ------- Run | Yrd Mat Slots Evolved . | . . Power . | . . Propulsion . | . . Utility . | . . Weapon . | . . Parts Attached 26 | 10 16 Power 5 | 2 3 Engine 5 | 2 3 Core . | . . Reactor . | . . Propulsion 9 | 6 3 Treads . | . . Leg 5 | 3 2 Wheel 3 | 3 . Hover . | . . Flight 1 | . 1 Utility 5 | . 5 Device . | . . Storage 4 | . 4 Processor . | . . Hackware . | . . Protection 1 | . 1 Artifact . | . . Weapon 7 | 2 5 Energy Gun 1 | . 1 Energy Cannon . | . . Ballistic Gun 4 | 2 2 Ballistic Cannon . | . . Launcher 1 | . 1 Special Weapon 1 | . 1 Impact Weapon . | . . Slashing Weapon . | . . Piercing Weapon . | . . Special Melee Weapon . | . . Unidentified Prototypes . | . . Parts Lost 8 | . 8 Power 1 | . 1 Propulsion 4 | . 4 Utility 1 | . 1 Weapon 2 | . 2 Highest Loss Streak 4 | . 4 To Critical Strikes . | . . Average Slot Usage (%) 91 | . 91 Engine 10 | . 10 Leg 14 | . 14 Wheel 11 | . 11 Storage 19 | . 19 Protection 7 | . 7 Energy Gun 3 | . 3 Ballistic Gun 16 | . 16 Launcher 5 | . 5 Special Weapon 1 | . 1 Naked Turns . | . . Heaviest Build 47 | 8 47 Greatest Support 20 | 20 20 Greatest Overweight (x) 14 | . 14 Average Overweight (x) . | . . Largest Inventory Capacity 15 | 5 15 Average Capacity 11 | 5 13 Most Carried 13 | 5 13 Average Carried 7 | 2 9 Final Capacity 15 | 5 15 Final Carried 9 | 5 9 Class Distribution -------------------- 96% | Mutant 3% | Scavenger-Mutant Dominant Class ---------------- Mutant | -10/Materials Resources | -11 -10 ----------- Run | Yrd Mat Matter Collected 538 | 328 210 Remotely . | . . Salvage Created 428 | 68 360 Parts 14 | 3 11 Haulers Intercepted . | . . Recyclers Shooed 1 | . 1 Parts Field Recycled . | . . Retrieved Matter . | . . Parts Self-Destructed . | . . Prevented . | . . Kills | -11 -10 ------- Run | Yrd Mat Combat Hostiles Destroyed 7 | 1 6 Guns 5 | 1 4 AOE 2 | . 2 Classes Destroyed 4 | 2 2 Worker 2 | 1 1 Recycler 2 | . 2 Watcher 1 | . 1 Grunt 7 | 1 6 Best Kill Streak 3 | 1 3 Combat Bots Only 1 | 1 1 Max Kills in Single Turn 2 | 1 2 Gunslinging . | . . Exploded 1 | . 1 Melee . | . . Uniques/NPCs Destroyed . | . . Combat | -11 -10 -------- Run | Yrd Mat Hostile Shots Fired 110 | 5 105 Missed 30 | . 30 Damage Taken 955 | 58 897 Core 255 | 24 231 Absorbed by Shields . | . . Redirected to Shielding 51 | . 51 Regen/Repaired (Parts) 29 | . 29 Core Remaining (%) 90 | 90 . Volleys Fired 45 | 8 37 Largest 2 | 2 2 Hottest 70 | 40 70 Shots Fired 81 | 16 65 Gun 73 | 16 57 Cannon . | . . Launcher 8 | . 8 Special . | . . Kinetic 60 | 16 44 Thermal 13 | . 13 Explosive 8 | . 8 Electromagnetic . | . . Robot Hit Streak 6 | 4 6 Robot Miss Streak 6 | 6 3 Penetration Max . | . . Secondary Targets . | . . Shots Hit Robots 39 | 7 32 Core Hits 25 | 4 21 Critical Kills . | . . Critical Parts Destroyed 1 | . 1 Critical Strikes 1 | . 1 Destroy 1 | . 1 Melee Attacks . | . . Impact . | . . Slashing . | . . Piercing . | . . Sneak Attacks . | . . Combat Hostiles . | . . Follow-up Attacks . | . . Damage Inflicted 739 | 66 673 Guns 408 | 66 342 Cannons . | . . Explosions 331 | . 331 Melee . | . . Ramming . | . . Kinetic 320 | 66 254 Thermal 88 | . 88 Explosive 331 | . 331 Electromagnetic . | . . Impact . | . . Slashing . | . . Piercing . | . . Highest Corruption . | . . Average Corruption . | . . Corruption Purged . | . . Corruption Blocked . | . . Overload Shots . | . . Overflow Damage . | . . Projectiles . | . . Explosions . | . . Melee . | . . Knockbacks . | . . Impact . | . . Kinetic . | . . Secondary . | . . Self-Inflicted Damage 13 | . 13 Shots 1 | . 1 Rammed . | . . Targets Rammed . | . . Kicked . | . . Crushed . | . . Highest Temperature 12 | . 12 Average Temperature 4 | . 4 Received Heat Transfer 543 | 30 513 Siege Activations . | . . Robots Corrupted . | . . Combat Hostiles . | . . Parts Fried . | . . Impact Corruptions . | . . Robots Melted . | . . Combat Hostiles . | . . Parts Melted . | . . Heat Transferred 200 | . 200 Parts Sabotaged . | . . Parts Stolen . | . . Parts Stripped . | . . Power Chain Reactions . | . . Alert | -11 -10 ------- Run | Yrd Mat Peak Influence 136 | 25 136 Initial 16 | . 16 Average 39 | 3 49 Maximum Alert Level . | . . Low Security (%) 100 | 100 100 Level 1 . | . . Level 2 . | . . Level 3 . | . . Level 4 . | . . Level 5 . | . . High Security . | . . Max Security . | . . Squads Dispatched 1 | . 1 Investigation . | . . Extermination . | . . Reinforcement 1 | . 1 Assault . | . . Garrison . | . . Intercept . | . . Searches Triggered . | . . Construction Impeded . | . . Haulers Reinforced . | . . Active Scanning Responses . | . . Cargo Convoy Interrupts . | . . Stealth | -11 -10 --------- Run | Yrd Mat Distress Signals 1 | . 1 Communications Jammed . | . . Distress Signals . | . . Times Spotted 12 | 1 11 Peak Tracking Total 3 | 1 3 Tactical Retreats . | . . Traps | -11 -10 ------- Run | Yrd Mat Traps Triggered . | . . Indirectly . | . . Trap Hack Attempts . | . . Triggered . | . . Disarmed . | . . Reprogrammed . | . . Reused . | . . Traps Extracted . | . . Installed . | . . Triggered . | . . Machines | -11 -10 ---------- Run | Yrd Mat Machines Disabled . | . . Max in Single Turn . | . . Machines Repaired . | . . Machines Dismantled . | . . Machines Sabotaged . | . . Overloaded Fab Kills . | . . Hacking | -11 -10 --------- Run | Yrd Mat Machines Accessed 2 | . 2 Terminals . | . . Fabricators . | . . Repair Stations 1 | . 1 Recycling Units 1 | . 1 Scanalyzers . | . . Garrison Access . | . . Total Hacks 5 | . 5 Successful 5 | . 5 Failed . | . . Catastrophic . | . . Database Lockouts . | . . Manual 1 | . 1 Terminals . | . . Fabricators . | . . Repair Stations 3 | . 3 Recycling Units 2 | . 2 Scanalyzers . | . . Garrison Access . | . . Terminal Hacks . | . . Fabricator Hacks . | . . Repair Station Hacks 3 | . 3 Scan Component 2 | . 2 Repair 1 | . 1 Recycling Unit Hacks 2 | . 2 Process 1 | . 1 Report Inventory 1 | . 1 Scanalyzer . | . . Garrison Access Hacks . | . . Unauthorized Hacks . | . . Terminals . | . . Fabricators . | . . Repair Stations . | . . Recycling Units . | . . Scanalyzers . | . . Garrison Access . | . . Data Cores Recovered . | . . Used . | . . Hacking Detections 2 | . 2 Full Trace Events . | . . Feedback Events . | . . Feedback Blocked . | . . Robot Schematics Acquired . | . . Robots Built . | . . Authchips . | . . Time . | . . Total Robot Build Rating . | . . Part Schematics Acquired . | . . Parts Built . | . . Authchips . | . . Time . | . . Total Part Build Rating . | . . Parts Repaired 1 | . 1 Time 26 | . 26 Parts Recycled . | . . Recycled Matter 11 | . 11 Retrieved Matter . | . . Retrieved Components . | . . Parts Scanalyzed . | . . Part Schematics Acquired . | . . Parts Damaged . | . . Bothacking | -11 -10 ------------ Run | Yrd Mat Used RIF Installer . | . . Robots Hacked . | . . Non-combat . | . . Combat . | . . Robot Hacks Applied . | . . Relay Couplers Released . | . . Fabnet Peak Effective % . | . . Robots Rewired . | . . Allies Hacked . | . . Hacks Repelled . | . . Allies | -11 -10 -------- Run | Yrd Mat Total Allies . | . . Largest Group . | . . Highest-Rated Group . | . . Highest-Rated Ally . | . . Total Orders . | . . Ally Attacks . | . . Total Damage . | . . Kills . | . . Allies Corrupted . | . . Allies Melted . | . . Intel | -11 -10 ------- Run | Yrd Mat Robot Analysis Total . | . . Derelict Logs Recovered . | . . Drone Launches . | . . Drone Recoveries . | . . Exploration | -11 -10 ------------- Run | Yrd Mat Turns Passed 1094 | 253 841 Spaces Moved 754 | 243 511 Core 51 | 50 1 Treads . | . . Legs 185 | 22 163 Wheels 516 | 171 345 Hover . | . . Flight 2 | . 2 Fastest Speed 50 | 50 80 Average Speed 117 | 77 135 Slowest Speed 930 | 120 930 Overloaded Moves . | . . Propulsion Burnouts . | . . Robots Hopped . | . . Cave-ins Triggered . | . . Exploration Rate (%) 21 | 8 35 Regions Visited 1 Branch Regions . Pre-discovered Areas . | . . Known Exits Taken . | . . Unknown Exits Taken 1 | 1 . Scrap Searched . | . . Spaces Dug 3 | . 3 Terrain Destroyed 32 | . 32 Melee . | . . Projectile . | . . AOE 32 | . 32 Terrain Rammed . | . . Walls Destroyed . | . . Machines Disabled . | . . Actions | -11 -10 --------- Run | Yrd Mat Total 896 | 294 602 Wait 20 | 20 . Move 753 | 242 511 Hop . | . . Pick Up 36 | 11 25 Fast Attach 2 | 2 . Attach 10 | 3 7 Detach . | . . Swap 14 | 5 9 Drop 16 | 3 13 Fire 45 | 8 37 Melee . | . . Ram . | . . Kick . | . . Crush . | . . Escape Stasis . | . . Rewire . | . . Trap . | . . Miscellaneous . | . . Route ------- -11/Scrapyard -10/Materials (discovered 1 exit: [*Min]) History --------- Turn | Location | Event 2 | -11/Scrapyard | Met Revision 17 168 | -11/Scrapyard | Discovered new exit (range 8) 254 | -11/Scrapyard | Entered Materials 292 | -10/Materials | Discovered new exit (range 13) 316 | -10/Materials | Build established: Mutant 511 | -10/Materials | Repaired Wheel? 705 | -10/Materials | Core integrity fell below 50% 795 | -10/Materials | Core integrity fell below 20% 1095 | -10/Materials | Destroyed by G-34 Mercenary with Small Laser Last Messages --------------- U-05 Engineer lays Concrete. U-05 Engineer builds a Wall. R-06 Scavenger collects Hover Unit. U-05 Engineer lays Concrete. U-05 Engineer builds a Wall. U-05 Engineer lays Concrete. R-06 Scavenger collects Visual Processing Unit. U-05 Engineer lays Concrete. Aluminum Leg destroyed. U-05 Engineer lays Concrete. Flying robots can pass through spaces occupied by others, even hostile robots. U-05 Engineer lays Concrete. U-05 Engineer builds a Wall. Grenade Launcher destroyed. U-05 Engineer lays Concrete. U-05 Engineer builds a Door. Flight Unit destroyed. Aluminum Leg destroyed. [Achievement: First Step to Greatness] Map ----- +----------------------------------------------------+ | ??????????????????############## #??## ##????? | | ??????????????????# #### ##??## ######## | | ??????????????????# # ##### # # | | ??????????????????# # + """# | | ??????????????????# + # """# | | ??????????????????# # # """# | | ??????????????????# """ """ # ###### ## # | | ??????????????????# """ """ #######????# ## # | | ??????????????????# """ """ #??????????# ###+##### | | ??????????????????######################+### #???? | | ????????????????????????????# ## # ## #???? | | ???????????????????????????## # ## #???? | | ??????????????????????????## # ## #???? | | ??????????????????????????# + #???? | | ???????????????????########### ####???? | | ???????????????????# + #??????? | | ???????????????????# #= #??????? | | ???????#???????????# # #??????? | | ???????+ ??????????# """ # #??????? | | ???????# ??????????# """ " " # = #??????? | | ???????# ?????????# """ "Y" # #??????? | | ???????+ ????????# """ # # #??????? | | ???????# ###?????# # # #??????? | | ######## ################+######+######/####???? | | r a a #???? | | g @ #???? | | % g #???? | | ## ###### ###+####################+#### #####???? | | ????# #???????????# # #???????? | | ????#"" #???????????# """ """ # #???????? | | ????#"Y """ #???????????# """ """ # #???????? | | ????#"" """ #???????????# """ """ # #???????? | | ????# """ #???????????# # #???????? | | ????# #???????????# # #???????? | | ????# #???????????# # #???????? | | ????#############???????????# # #???????? | | ????????????????????????????########### #???????? | | ?????????????????????????????????????? #???????? | | ?????????????????????????????????????? #???????? | | ?????????????????????????????????????? ????????? | | ??????????????????????????????????????# ????????? | | ?????????????????????????????????????????????????? | | ?????????????????????????????????????????????????? | | ?????????????????????????????????????????????????? | | ?????????????????????????????????????????????????? | | ?????????????????????????????????????????????????? | | ?????????????????????????????????????????????????? | | ?????????????????????????????????????????????????? | | ?????????????????????????????????????????????????? | | ?????????????????????????????????????????????????? | +----------------------------------------------------+ Best States ------------- Heat Dissipation 25 Energy Generation 10 Energy Capacity 250 Matter Stores 300 Matter Capacity 400 Sight Range 16 Terrain Scan Density 10 Propulsion Shielding 33 Evasion (%) 50 Item Schematics ----------------- None Robot Schematics ------------------ None Fabricated ------------ Nothing Alien Tech Used ----------------- None Achievements -------------- First Step to Greatness Part-time Mechanic Storm Trooper Uninvited Guest Challenges ------------ None Game ------ Seed GravitonArmageddonLog Manual? 0 Play Time 00:38:21 Cumulative 0.5 hours Start 2024.04.02 @ 17:05:10 End 2024.04.02 @ 18:07:28 Sessions 1 Manual Loads 0 Difficulty Rogue Special Mode None Game No. 1 Rogue 1 Adventurer 0 Explorer 0 Win Type - Total 0 Types 0/0/0/0/0/0/0/0/0 Lore% 0 Gallery% 1 Achievement% 1 Wizard Run 0 Options --------- Layout 1 ASCII 0 Keyboard 1 Movement Arrows Keybinds 0 Fullscreen 1 Font 24/Smallcaps Map View 50x35 Zoom Use 0% Tactical HUD 0 Map Filters NONE Filters NONE Steam 1 RUN: 93f4c0b6-b77a-4808-8639-d68b67d7eb12